 Dungeon Crawl Stone Soup version 0.20-a0-850-ge5a7832 (webtiles) character file.

422 nubinia the Stinger (level 6, -3/34 HPs)
             Began as a Tengu Venom Mage on Mar 9, 2017.
             Was a Believer of Lugonu.
             Shot with an arrow by a centaur (13 damage)
             ... on level 3 of the Dungeon on Mar 10, 2017.
             The game lasted 00:17:33 (3069 turns).

nubinia the Stinger (Tengu Venom Mage)              Turns: 3069, Time: 00:17:35

Health: -3/34      AC:  2    Str:  8    XL:     6   Next: 95%
Magic:  5/12       EV: 13    Int: 17    God:    Lugonu [**....]
Gold:   86         SH:  5    Dex: 15    Spells: 6/12 levels left

rFire    . . .     SeeInvis .   n - -3 scythe (curse)
rCold    . . .     Gourm    .   i - +0 robe {Archmagi}
rNeg     . . .     Faith    .   (shield currently unavailable)
rPois    .         Spirit   .   (helmet restricted)
rElec    .         Reflect  +   (no cloak)
rCorr    .         Harm     .   (no gloves)
MR       .....                  (boots unavailable)
Stlth    ++........             f - +5 amulet of reflection
Regen    0.2/turn               (no ring)
MPRegen  0.2/turn               (no ring)

@: no status effects
A: beak, talons 3, able to fly 1
a: Fly, Depart the Abyss, Bend Space, Renounce Religion


You were on level 3 of the Dungeon.
You worshipped Lugonu.
Lugonu was pleased with you.
You were hungry.

You visited 1 branch of the dungeon, and saw 3 of its levels.

You collected 86 gold pieces.

Inventory:

Hand Weapons
 e - a +0 club
 n - a cursed -3 scythe (weapon)
Armour
 a - a +0 robe
 i - a +0 robe of the Archmagi (worn)
Jewellery
 f - a +5 amulet of reflection (around neck)
Potions
 g - a potion of curing {unknown}
 h - a potion of berserk rage {unknown}
 k - a potion of flight
 l - a potion of mutation {unknown}
 o - 2 potions of haste
Books
 b - a Young Poisoner's Handbook

   Spells                             Type                      Level
   a - Sting                          Conjuration/Poison           1
   b - Poisonous Vapours              Poison/Air                   2
   c - Mephitic Cloud                 Conjuration/Poison/Air       3
   d - Olgreb's Toxic Radiance        Poison                       4
   e - Venom Bolt                     Conjuration/Poison           5
Comestibles
 c - a bread ration
 d - 3 royal jellies


   Skills:
 + Level 1.1 Fighting
 + Level 1.4 Maces & Flails
 - Level 0.2 Polearms
 + Level 3.2 Dodging
 + Level 2.5 Stealth
 + Level 3.5 Spellcasting
 * Level 3.2 Conjurations
 * Level 3.7 Air Magic
 - Level 4.1 Poison Magic


You had 6 spell levels left.
You knew the following spells:

 Your Spells              Type           Power        Failure   Level  Hunger
a - Sting                 Conj/Pois      ###.         3%          1    None
b - Poisonous Vapours     Pois/Air       ###...       6%          2    ##.....
c - Mephitic Cloud        Conj/Pois/Air  ###.....     12%         3    ###....


Dungeon Overview and Level Annotations

Branches:
Dungeon (3/15)

Altars:
Ru
Xom
Lugonu


Innate Abilities, Weirdness & Mutations

You have a beak for a mouth.
You have claws for feet.
You can fly.


Message History

You closely miss the crimson imp.
You feel less wooden.
Your +0 robe of the Archmagi unmelds from your body.
You feel powerful. You block the crimson imp's attack.
The centaur hits itself but does no damage.
The crimson imp blinks!
Attack whom?
Press: ? - help, Dir - move target cursor, f/p - worker ant
Aim: a worker ant (almost dead, confused)
You reach to attack!
You hit the worker ant but do no damage.
The worker ant is almost dead.
You hit the worker ant.
You kill the worker ant!
Lugonu accepts your kill.
The centaur seems less confused.
The centaur wields a shortbow.
The centaur shoots an arrow.
The arrow hits you!
* * * LOW HITPOINT WARNING * * *
The centaur shoots an arrow.
The arrow hits you!
You die...

..# #...... #.#...#
#...... #....#
#.....# ####..######
#.....####......?...#
#.c.....gl.....<....#
#...5.####..........#
#.....# #(.........#
#...))# #..........#
#...)@# ############
#######


You could see a centaur and a crimson imp.

Vanquished Creatures
  Sigmund (D:2)
  A worker ant (D:3)
  Robin (D:2)
  12 gnolls
  6 adders
  2 dart slugs (D:2)
  A leopard gecko (D:3)
  4 orcs (D:3)
  4 giant cockroaches
  16 goblins
  6 hobgoblins
  2 jackals (D:2)
  2 ball pythons (D:2)
  5 bats
  2 frilled lizards
  11 kobolds
  7 rats
83 creatures vanquished.

Notes
Turn   | Place    | Note
-------+----------+-------------------------------------------
     0 | D:1      | nubinia the Tengu Venom Mage began the quest for the Orb.
     0 | D:1      | Reached XP level 1. HP: 10/10 MP: 4/4
   176 | D:1      | Reached XP level 2. HP: 15/15 MP: 4/6
   186 | D:1      | Learned a level 2 spell: Poisonous Vapours
   573 | D:1      | Reached XP level 3. HP: 16/19 MP: 4/7
   895 | D:2      | Noticed Sigmund
   896 | D:2      | Learned a level 3 spell: Mephitic Cloud
  1126 | D:2      | Noticed Robin
  1198 | D:2      | Reached XP level 4. HP: 24/24 MP: 5/8
  1262 | D:2      | Killed Robin
  1379 | D:2      | Reached skill level 1 in Air Magic
  1670 | D:2      | Gained mutation: You can fly. [Tengu growth]
  1670 | D:2      | Reached XP level 5. HP: 20/28 MP: 5/10
  1762 | D:2      | Found a shimmering altar of Xom.
  1786 | D:2      | Reached skill level 1 in Maces & Flails
  1900 | D:2      | Killed Sigmund
  1900 | D:2      | Reached skill level 4 in Poison Magic
  1900 | D:2      | Reached XP level 6. HP: 32/32 MP: 3/11
  2328 | D:2      | Reached skill level 1 in Fighting
  2475 | D:2      | Upgraded the game from 0.20-a0-848-g73d9be0 to 0.20-a0-850-ge5a7832
  2726 | D:3      | Found a faded altar of an unknown god.
  2731 | D:3      | Noticed a sky beast
  2734 | D:3      | Became a worshipper of Lugonu the Unformed
  2734 | D:3      | Reached * piety under Lugonu
  2734 | D:3      | Reached ** piety under Lugonu
  3016 | D:3      | Found a sacrificial altar of Ru.
  3069 | D:3      | Shot with an arrow by a centaur

Vault maps used:
D:1:      dpeg_arrival_long_road
D:2:      xom_teletrap_fun, uniq_sigmund, uniq_robin
D:3:      lemuel_crystal_altar, tso_altar,
          chequers_ecumenical_altar_simple_redux, first_bread,
          serial_bayou_pond_e

Skill      XL: |  1  2  3  4  5  6 |
---------------+-------------------+-----
Conjurations   | 2 3 |  3.2
Air Magic      | 1 3 |  3.7
Maces & Flails | 1 |  1.4
Dodging        | 3 |  3.2
Spellcasting   | 3 |  3.5
Poison Magic   | 4 |  4.1
Fighting       | 1 |  1.1
Polearms       | |  0.2
Stealth        | |  2.5

Action                   |  1- 3 |  4- 6 || total
-------------------------+-------+-------++-------
Melee: Unarmed           |     2 |       ||     2
       Club              |    25 |    29 ||    54
       Kick              |     3 |     9 ||    12
       Peck              |     6 |     3 ||     9
       Scythe            |       |    44 ||    44
 Cast: Sting             |    44 |    50 ||    94
       Poisonous Vapours |     5 |    25 ||    30
       Mephitic Cloud    |       |     5 ||     5
 Abil: Fly               |       |     5 ||     5
  Use: Scroll            |       |     3 ||     3
       Potion            |       |     2 ||     2
 Stab: Sleeping          |       |     2 ||     2
       Confused          |       |     1 ||     1
  Eat: Chunk             |     2 |     8 ||    10
Armor: Robe              |     3 |     3 ||     6
       Skin              |       |    35 ||    35
Dodge: Dodged            |    16 |    41 ||    57
Block: Other             |     3 |    24 ||    27
